 Dungeon Crawl Stone Soup version 0.27-a0-401-gea03ee85fd (webtiles) character file.

Game seed: 9539864280679129550

228 miscthings the Cudgeller (level 5, -2/41 HPs)
             Began as a Demonspawn Chaos Knight on Feb 22, 2021.
             Was a Plaything of Xom.
             Slain by Eustachio
             ... wielding a +2 falchion of electrocution
              (19 damage)
             ... on level 4 of the Dungeon.
             The game lasted 00:03:08 (3112 turns).

miscthings the Cudgeller (Demonspawn Chaos Knight)  Turns: 3112, Time: 00:03:08

Health: -2/41      AC:  5    Str: 15    XL:     5   Next: 71%
Magic:  5/5        EV:  8    Int: 14    God:    Xom [...*..]
Gold:   178        SH: 11    Dex: 12    Spells: 4/4 levels left

rFire    . . .     SeeInvis .   a - +0 mace (chaos)
rCold    . . .     Faith    .   o - +0 kite shield
rNeg     . . .     Spirit   .   b - +2 leather armour
rPois    .         Reflect  .   (helmet restricted)
rElec    .         Harm     .   (no cloak)
rCorr    .         Rampage  .   (no gloves)
Will     .....                  (no boots)
Stlth    +.........             (no amulet)
HPRegen  0.13/turn              (no ring)
MPRegen  0.09/turn              (no ring)

@: no status effects
A: horns 1, talons 1, demonic guardian 1, strong 1, condensation shield
a: Renounce Religion


You were on level 4 of the Dungeon.
You worshipped Xom.
You were a favourite toy of Xom.
You visited 1 branch of the dungeon, and saw 4 of its levels.

You collected 178 gold pieces.

Inventory:

Hand Weapons
 a - a +0 mace of chaos (weapon)
Armour
 b - a +2 leather armour (worn)
 o - a +0 kite shield (worn)
Jewellery
 p - an amulet of magic regeneration {unknown}
Scrolls
 d - a scroll of enchant armour {unknown}
 e - a scroll of fog {unknown}
 f - a scroll of amnesia {unknown}
 g - 2 scrolls of identify {unknown}
 i - 4 scrolls of teleportation {unknown}
 j - a scroll of fear {unknown}
 l - a scroll of noise {unknown}
Potions
 c - a potion of haste {unknown}
 h - 2 potions of lignification {unknown}
 k - 2 potions of heal wounds {unknown}
 m - a potion of curing {unknown}
 n - a potion of berserk rage {unknown}
 q - 2 potions of degeneration {unknown}
 r - a potion of mutation {unknown}


   Skills:
 - Level 3.0 Fighting
 + Level 5.9 Maces & Flails
 - Level 1.7 Armour
 - Level 0.8 Dodging


You had 4 spell levels left.
You didn't know any spells.
Your spell library contained the following spells:

 Spells                   Type           Power        Failure   Level
 Animate Skeleton         Necr           0%           94%         1
 Apportation              Tloc           0%           94%         1
 Corona                   Hex            0%           94%         1
 Magic Dart               Conj           0%           94%         1
 Summon Small Mammal      Summ           0%           94%         1
 Blink                    Tloc           N/A          98%         2
 Call Imp                 Summ           0%           98%         2
 Slow                     Hex            0%           98%         2
 Conjure Flame            Conj/Fire      0%           100%        3
 Ignite Poison            Fire/Tmut/Pois 0%           100%        3
 Mephitic Cloud           Conj/Pois/Air  0%           100%        3
 Portal Projectile        Hex/Tloc       0%           100%        3
 Irradiate                Conj/Tmut      0%           100%        5
 Hydra Form               Tmut           0%           100%        6
 Invisibility             Hex            0%           100%        6
 Statue Form              Tmut/Erth      0%           100%        6


Dungeon Overview and Level Annotations

Branches:
Dungeon (4/15)
 Temple: D:4-7

Altars:
Elyvilon

Annotations:
D:4 Eustachio


Innate Abilities, Weirdness & Mutations

You have sharp toenails.
A weak demonic guardian rushes to your aid.
A meltable shield of frost defends you. (SH +4)
You have a pair of small horns on your head.
Your muscles are strong. (Str +2)


Message History

Found a stone staircase leading down.
You now have 178 gold pieces (gained 15).
You hear the slow rusting of a distant drain.
r - a golden potion
Found 16 stones.
Eustachio the Magnificent comes into view.
He is wielding a +2 falchion of electrocution and wearing a +1 leather armour of cold resistance.
Eustachio shouts!
Eustachio is nearby!
You start waiting.
Eustachio is nearby!
You miss Eustachio. Your headbutt misses Eustachio.
Eustachio mumbles some strange words.
Eustachio blinks!
Eustachio hits you with a +2 falchion of electrocution.
You hit Eustachio. You burn Eustachio. Your headbutt misses Eustachio.
Eustachio is lightly wounded.
Eustachio casts a spell.
Eustachio blinks!
You miss Eustachio.
Eustachio is lightly wounded.
You block Eustachio's attack.
You hit Eustachio.
Eustachio is poisoned.
Eustachio is moderately wounded.
You block Eustachio's attack.
Eustachio hits you with a +2 falchion of electrocution.
You hit Eustachio but do no damage. Your kick misses Eustachio.
Eustachio is heavily wounded.
Eustachio barely misses you.
You hit Eustachio. You burn Eustachio. You claw Eustachio, but do no damage.
Your headbutt misses Eustachio.
Eustachio is heavily wounded.
Eustachio hits you with a +2 falchion of electrocution.
You are electrocuted!
A shower of butterflies erupts from you!
You closely miss Eustachio. Your kick misses Eustachio.
Your headbutt misses Eustachio.
Eustachio is heavily wounded.
Eustachio hits you but does no damage.
You are electrocuted!!
You die...
Xom bursts into laughter!

# .## ... #.#
#.# ##
#b#######.# #.#
##b@@b.....
#.###b#######.#
#.#.## #.## #.#
#.# #.# #.#
#######.#


You could see Eustachio (very poisoned, ally target).

Vanquished Creatures
  A centaur skeleton (D:3)
  An orc wizard (D:3)
  A worker ant (D:4)
  7 adders
  2 oozes
  3 worms
  A leopard gecko (D:3)
  8 orcs (D:3)
  A ball python (D:2)
  4 giant cockroaches
  3 goblins
  9 hobgoblins
  7 kobolds
  12 bats
  2 frilled lizards
  6 rats
68 creatures vanquished.

Notes
Turn   | Place    | Note
-------+----------+-------------------------------------------
     0 | D:1      | miscthings the Demonspawn Chaos Knight began the quest for
                  | the Orb.
     0 | D:1      | Reached XP level 1. HP: 18/18 MP: 1/1
    74 | D:1      | Reached skill level 3 in Maces & Flails
   172 | D:1      | XOM: divination: magic mapping
   323 | D:1      | XOM: smoke on damage
   327 | D:1      | Gained mutation: A meltable shield of frost defends you.
                  | (SH +4) [demonic ancestry]
   327 | D:1      | Reached XP level 2. HP: 13/24 MP: 2/2
   631 | D:1      | XOM: silly message
   646 | D:1      | XOM: noise
  1010 | D:1      | XOM: give mutation
  1010 | D:1      | Gained mutation: Your muscles are strong. (Str +2) [Xom's
                  | mischief]
  1239 | D:2      | Found a white marble altar of Elyvilon.
  1264 | D:2      | Reached XP level 3. HP: 20/29 MP: 3/3
  1299 | D:2      | Reached skill level 4 in Maces & Flails
  1374 | D:2      | XOM: smoke on damage
  1538 | D:2      | XOM: give mutation
  1538 | D:2      | Gained mutation: You have a pair of small horns on your
                  | head. [Xom's grace]
  1719 | D:2      | Gained mutation: A weak demonic guardian rushes to your
                  | aid. [demonic ancestry]
  1719 | D:2      | Reached XP level 4. HP: 22/35 MP: 4/4
  2091 | D:2      | XOM: divination: magic mapping
  2164 | D:2      | Found a faded altar of an unknown god.
  2224 | D:2      | Identified Xom's Papyrus of Distraction (Xom gifted it to
                  | you on level 2 of the Dungeon)
  2224 | D:2      | XOM: god gift: Xom's Papyrus of Distraction
  2266 | D:2      | XOM: god gift: 12 sling bullets
  2348 | D:2      | XOM: silly message
  2582 | D:3      | Reached skill level 5 in Maces & Flails
  2602 | D:3      | Gained mutation: You have sharp toenails. [demonic
                  | ancestry]
  2602 | D:3      | Reached XP level 5. HP: 36/41 MP: 5/5
  2769 | D:3      | XOM: 3-stop teleportation journey
  3039 | D:4      | XOM: stealth player
  3099 | D:4      | Noticed Eustachio
  3111 | D:4      | XOM: butterfly on damage
  3112 | D:4      | Slain by Eustachio

Illustrated notes

Levels and vault maps discovered:
D:1:      matt_arrival_diagonals, layout_basic, palyth_stone_intersect
D:2:      layout_basic, nicolae_overflow_hidden_temple,
          chequers_ecumenical_altar_island
D:3:      layout_basic, serial_glass, glass_columns_c, glass_columns_b
D:4:      layout_loops_ring, gup_sewer_entry_glass, uniq_eustachio

Skill      XL: |  1  2  3  4 |
---------------+-------------+-----
Maces & Flails | 3 4 5 |  5.9
Fighting       | |  3.0
Armour         | |  1.7
Dodging        | |  0.8

Action                   |  1- 3 |  4- 6 || total
-------------------------+-------+-------++-------
Melee: Mace              |   128 |    75 ||   203
       Headbutt          |     3 |     2 ||     5
       Kick              |       |    12 ||    12
 Stab: Paralysed         |     1 |       ||     1
Armor: Leather armour    |    59 |    28 ||    87
Dodge: Dodged            |    77 |    25 ||   102
Block: Other             |    17 |     4 ||    21
       Kite shield       |       |     7 ||     7

Table legend: (Time is in decaauts)
 A = Elapsed time spent in this place.
 B = Non-inter-level travel time spent in this place.
 C = Inter-level travel time spent in this place.
 D = Time resting spent in this place.
 E = Time spent auto-exploring this place.
 F = Levels seen in this place.
 G = Mean time per level.
                   A        B        C        D        E       F      G
               +--------+--------+--------+--------+--------+-----+--------+
         Total |   3156 |   3091 |     65 |    725 |   1825 |   4 |  789.0 |
       Dungeon |   3156 |   3091 |     65 |    725 |   1825 |   4 |  789.0 |
               +--------+--------+--------+--------+--------+-----+--------+

Top non-repeatable levels by time:
     D:1: 1232 daAuts
     D:2: 1222 daAuts
     D:3: 624 daAuts
     D:4: 76 daAuts
